 Dungeon Crawl Stone Soup version 0.25.1-2-g60ff931df9 (webtiles) character file.

Game seed: 4784342864182371638

3431 DearestLeader the Destroyer (level 9, 0/61 (62) HPs)
             Began as a Pale Draconian Conjurer on Nov 13, 2020.
             Was a Follower of Vehumet.
             Slain by a yak (13 damage)
             ... on level 8 of the Dungeon.
             The game lasted 00:17:56 (8852 turns).

DearestLeader the Destroyer (DrCj)                  Turns: 8852, Time: 00:17:56

HP:   0/61 (62)     AC:  8    Str: 10    XL:     9   Next: 77%
MP:   9/18          EV: 12    Int: 18    God:    Vehumet [*.....]
Gold: 324           SH:  5    Dex: 13    Spells: 13/20 levels left

rFire    . . .     SeeInvis .   q - +10 trident "Retecosk" {protect, +Rage}
rCold    . . .     Gourm    .   (no shield)
rNeg     + . .     Faith    .   (armour unavailable)
rPois    .         Spirit   .   (helmet restricted)
rElec    .         Reflect  +   n - +0 cloak
rCorr    .         Harm     .   (no gloves)
MR       .....                  (no boots)
Stlth    ++........             x - amulet of reflection
HPRegen  0.20/turn              u - ring of positive energy
MPRegen  0.16/turn              (no ring)

@: no status effects
A: breathe steam, unfitting armour, cold-blooded, AC +7
a: Breathe Steam, Renounce Religion, Evoke Berserk Rage


You were on level 8 of the Dungeon.
You worshipped Vehumet.
Vehumet was aware of your devotion.
You were not hungry.

You visited 2 branches of the dungeon, and saw 9 of its levels.

You collected 414 gold pieces.
You spent 90 gold pieces at shops.

Inventory:

Hand Weapons
 e - a +0 whip
 q - the +10 trident "Retecosk" (weapon) {protect, +Rage}
   (You found it on level 4 of the Dungeon)

   It grants its wielder temporary protection when it strikes (+7 to AC).
   It lets you go berserk.
Missiles
 m - 26 poisoned darts (quivered)
Armour
 n - a +0 cloak (worn)
 v - a scarf of harm
Jewellery
 u - a ring of positive energy (left hand)
 x - an amulet of reflection (around neck)
Wands
 j - a wand of paralysis (6)
Scrolls
 c - 2 scrolls of magic mapping {unknown}
 g - 5 scrolls of teleportation
 l - 3 scrolls of enchant weapon
 p - 4 scrolls of remove curse
 t - a scroll of enchant armour
Potions
 a - 3 potions of haste {unknown}
 d - 5 potions of flight
 f - 2 potions of cancellation {unknown}
 h - 3 potions of invisibility
 i - 3 potions of might
 k - a potion of stabbing {unknown}
 o - a potion of resistance {unknown}
 r - 2 potions of heal wounds {unknown}
 s - a potion of curing
Comestibles
 b - 11 rations
 w - 6 chunks of flesh


   Skills:
 - Level 2.0 Dodging
 - Level 1.7 Stealth
 + Level 6.0 Spellcasting
 * Level 11.8 Conjurations
 * Level 4.5 Hexes


You had 13 spell levels left.
You knew the following spells:

 Your Spells              Type           Power        Failure   Level  Hunger
a - Magic Dart            Conj           ####         1%          1    None
b - Searing Ray           Conj           #####.       1%          2    None
c - Fulminant Prism       Conj/Hex       ####......   4%          4    ####...

Your spell library contained the following spells:

 Spells                   Type           Power        Failure   Level  Hunger
 Foxfire                  Conj/Fire      ####         1%          1    None
 Dazzling Flash           Conj/Hex       ####..       1%          3    ##.....
 Hailstorm                Conj/Ice       ####....     11%         4    ####...
 Iskenderun's Mystic Bla  Conj/Tloc      ####....     11%         4    ####...
 Freeze                   Ice            #...         12%         1    None
 Frozen Ramparts          Ice            #.....       34%         3    ##.....
 Ozocubu's Armour         Chrm/Ice       #.......     34%         3    ##.....
 Summon Ice Beast         Ice/Summ       #.......     75%         4    ####...


Dungeon Overview and Level Annotations

Branches:
Dungeon (8/15)             Temple (1/1) D:6
   Lair: D:8-11

Altars:
Ashenzari
Cheibriados
Dithmenos
Elyvilon
Fedhas
Gozag
Hepliaklqana
Kikubaaqudgha
Makhleb
Nemelex Xobeh
Okawaru
Qazlal
Ru
Sif Muna
Trog
Uskayaw
Vehumet
Wu Jian
Xom
Yredelemnul
Zin
The Shining One

Shops:
D:6 [(

Annotations:
D:7 1 runed translucent door, Exodus22XD's ghost, novice KoHu


Innate Abilities, Weirdness & Mutations

You can breathe blasts of scalding, opaque steam.
Your pale cyan-grey scales are hard. (AC +7)
You cannot fit into any form of body armour.
You are cold-blooded and may be slowed by cold attacks.


Message History

Confirm with . or Enter, or press ? or * to list all spells.
Aiming: Searing Ray (safe; 1% risk of failure)
Press: ? - help, Shift-Dir - straight line, f - yak
Aim: a yak (lightly wounded)
The searing ray misses the yak.
The searing ray hits the yak!
The yak is moderately wounded. (Press . to maintain the ray.)
The searing ray hits the yak!
The yak is heavily wounded.
The yak gores you. The yak gores you!
The searing ray hits the yak!
The yak is almost dead.
The yak gores you!
* * * LOW HITPOINT WARNING * * *
The yak gores you.
* * * LOW HITPOINT WARNING * * *
The yak gores you.
* * * LOW HITPOINT WARNING * * *
The yak gores you!
You die...

####...)..Y....
.#######..
.......).Y.....
..........
#.>.Y..5.o..
#####.... #Y##
#.... #HY# #....
##Y## #.... #..#
#.... ##Y##
####+ #@.# ####+
##.## #.... #..#
#.... ##.###.#
#....
#..##.######....
##.##.#....#.###
#.##........#..
#.##...........
#............<.


You could see a hippogriff and 5 yaks.

Vanquished Creatures
  Sigmund (D:5)
  Eustachio (D:5)
  A hungry ghost (D:7)
  An orc warrior (D:5)
  An ice beast (D:7)
  A sky beast (D:5)
  A black bear (D:7)
  2 necrophages
  4 ogres
  A centaur (D:5)
  6 bullfrogs
  A gnoll sergeant (D:8)
  2 scorpions (D:5)
  4 killer bees (D:7)
  5 wights (D:6)
  A howler monkey (D:6)
  4 crimson imps
  A hound (D:6)
  A jelly (D:7)
  A bullfrog skeleton (D:4)
  3 orc priests
  7 orc wizards
  3 iguanas
  4 worker ants
  A hound skeleton (D:2)
  11 gnolls
  14 adders
  2 shadow imps
  An ooze (D:2)
  3 adder skeletons (D:4)
  8 dart slugs
  3 leopard geckos
  19 orcs
  3 bats
  4 goblins
  9 hobgoblins
  13 jackals
  3 kobolds
  3 quokkas
  8 frilled lizards
  A giant cockroach zombie (D:6)
  A jackal skeleton (D:5)
  A jackal zombie (D:7)
  A quokka skeleton (D:4)
  8 rats
174 creatures vanquished.

Vanquished Creatures (others)
  An adder (D:4)
  3 fulminant prisms
4 creatures vanquished.

Grand Total: 178 creatures vanquished

Notes
Turn   | Place    | Note
-------+----------+-------------------------------------------
     0 | D:1      | DearestLeader the Draconian Conjurer began the quest for
                  | the Orb.
     0 | D:1      | Reached XP level 1. HP: 14/14 MP: 3/3
   387 | D:1      | Reached XP level 2. HP: 20/20 MP: 3/5
  1116 | D:2      | Reached skill level 5 in Conjurations
  1116 | D:2      | Reached XP level 3. HP: 26/26 MP: 1/6
  1439 | D:2      | Reached XP level 4. HP: 33/33 MP: 4/7
  2075 | D:2      | Found a sacrificial altar of Ru.
  2118 | D:2      | Reached skill level 6 in Conjurations
  2340 | D:3      | Learned a level 2 spell: Searing Ray
  2380 | D:3      | Learned a level 4 spell: Fulminant Prism
  2524 | D:3      | Reached XP level 5. HP: 38/38 MP: 0/8
  3256 | D:4      | Reached skill level 7 in Conjurations
  3461 | D:4      | Found a white marble altar of Elyvilon.
  3485 | D:4      | Found a shadowy altar of Dithmenos.
  3573 | D:4      | Noticed an ogre
  3577 | D:4      | Killed an ogre
  3577 | D:4      | Reached XP level 6. HP: 45/45 MP: 5/9
  3742 | D:4      | Reached skill level 8 in Conjurations
  3946 | D:4      | Found a radiant altar of Vehumet.
  4556 | D:4      | Got a buzzing trident
  4556 | D:4      | Identified the +10 trident "Retecosk" {protect, +Rage} (You
                  | found it on level 4 of the Dungeon)
  4590 | D:4      | Your scales start taking on a pale cyan-grey colour.
  4590 | D:4      | Reached XP level 7. HP: 25/50 MP: 10/10
  4813 | D:5      | Entered Level 5 of the Dungeon
  4982 | D:5      | Reached skill level 9 in Conjurations
  5317 | D:5      | Noticed a +0 dagger
  5317 | D:5      | Noticed a +0 dagger
  5319 | D:5      | Found a hide-covered altar of Uskayaw.
  5576 | D:5      | Noticed Eustachio
  5576 | D:5      | Noticed Sigmund
  5599 | D:5      | Reached XP level 8. HP: 43/57 MP: 7/13
  5601 | D:5      | Killed Sigmund
  5603 | D:5      | Killed Eustachio
  5603 | D:5      | Reached skill level 10 in Conjurations
  5980 | D:5      | You fall into a shaft and drop 1 floor!
  5980 | D:6      | Found Eschirinue's Antique Weapon Shoppe.
  6227 | D:6      | Reached skill level 5 in Spellcasting
  6303 | D:6      | Reached skill level 1 in Hexes
  6315 | D:6      | Found an ornate altar of the Wu Jian Council.
  6358 | D:6      | Found a staircase to the Ecumenical Temple.
  6364 | Temple   | Entered the Ecumenical Temple
  6707 | D:5      | Reached XP level 9. HP: 54/62 MP: 16/16
  6711 | D:5      | Reached skill level 11 in Conjurations
  6846 | D:5      | Found a stormy altar of Qazlal.
  6846 | D:5      | Found a white marble altar of Elyvilon.
  6939 | D:4      | Became a worshipper of Vehumet
  7364 | D:6      | Found Sootef's Armour Emporium.
  7603 | D:7      | Found Zin's Purification Station.
  7609 | D:7      | Found a glowing silver altar of Zin.
  7612 | D:7      | Bought a potion of curing for 90 gold pieces
  7891 | D:7      | Found an ancient bone altar of Kikubaaqudgha.
  7919 | D:7      | Reached * piety under Vehumet
  7919 | D:7      | Offered knowledge of Foxfire by Vehumet.
  8336 | D:7      | Found a runed translucent door.
  8577 | D:7      | Noticed Exodus22XD's ghost (novice KoHu)
  8852 | D:8      | Slain by a yak

Illustrated notes

Levels and vault maps discovered:
D:1:      scummos_arrival_simple_crosswalls, layout_basic
D:2:      layout_loops_ring, nicolae_ru_sacrificial_ziggurat
D:3:      layout_rooms, first_ration
D:4:      minmay_spotlight, layout_cave_pods, lemuel_crystal_altar,
          vehumet_crystals, nrook_mini_backslash, elyvilon_altar_4
D:5:      minmay_chambers_of_threes, layout_basic, dancing_weapons_uskayaw,
          gammafunk_temple_overflow_wave, minmay_stone_trees_small,
          dk_rats_in_the_wall, uniq_eustachio, uniq_sigmund
D:6:      layout_basic, old_standard_altar, minmay_temple_entry_fiery,
          serial_shops, shop, kennysheep_mini
D:7:      layout_loops_ring, zin_purify, kiku_gazebo_garden_becter,
          ebering_ghost_reflecting_pool
D:8:      minmay_slanted_spiral_squares, layout_basic, grunt_livestock,
          kennysheep_generic_room_6
Temple:   minmay_temple_curvy_branch

Skill      XL: |  1  2  3  4  5  6  7  8  9 |
---------------+----------------------------+-----
Conjurations   | 5 6 7 8 9 10 11 | 11.8
Dodging        | 2 |  2.0
Spellcasting   | 3 5 6 |  6.0
Hexes          | 1 4 |  4.5
Stealth        | |  1.7

Action                   |  1- 3 |  4- 6 |  7- 9 || total
-------------------------+-------+-------+-------++-------
Melee: Unarmed           |    15 |       |       ||    15
       Tailslap          |     2 |    12 |     7 ||    21
       Whip              |    32 |   120 |       ||   152
       Trident           |       |    11 |   154 ||   165
 Cast: Magic Dart        |    53 |    42 |     1 ||    96
       Searing Ray       |       |    21 |    20 ||    41
       Fulminant Prism   |       |       |     3 ||     3
 Abil: Breathe Steam     |       |       |     5 ||     5
  Use: Scroll            |       |     5 |     4 ||     9
 Stab: Sleeping          |       |     2 |     5 ||     7
       Distracted        |       |       |     1 ||     1
  Eat: Chunk             |     3 |    12 |    13 ||    28
       Ration            |       |       |     1 ||     1
Armor: Skin              |    10 |    52 |    85 ||   147
Dodge: Dodged            |    34 |   108 |   113 ||   255
Block: Other             |       |       |     1 ||     1
